 Dungeon Crawl Stone Soup version 0.20.1-1-g8b1a95d (webtiles) character file.

1549 KoningWillie the Carver (level 8, -4/67 HPs)
             Began as a Minotaur Gladiator on Sept 16, 2017.
             Slain by an ogre
             ... wielding a +0 giant spiked club
              (16 damage)
             ... on level 6 of the Dungeon.
             The game lasted 00:12:25 (6427 turns).

KoningWillie the Carver (Minotaur Gladiator)        Turns: 6427, Time: 00:12:26

Health: -4/67      AC:  7    Str: 21    XL:     8   Next: 57%
Magic:  7/7        EV:  8    Int:  5    God:
Gold:   310        SH:  0    Dex: 12    Spells: 7/7 levels left

rFire    . . .     SeeInvis .   a - +1 long sword
rCold    . . .     Gourm    +   (no shield)
rNeg     + . .     Faith    .   s - +0 plate armour
rPois    .         Spirit   .   c - +0 hat
rElec    .         Reflect  .   (no cloak)
rCorr    .         Harm     .   (no gloves)
MR       +....                  (no boots)
Stlth    ..........             z - amulet of the gourmand
Regen    0.0/turn               r - ring of positive energy
MPRegen  0.1/turn               (no ring)

@: no status effects
A: retaliatory headbutt, horns 2, deformed body, magic resistance 1, inhibited
regeneration, wild magic 1
a: no special abilities


You were on level 6 of the Dungeon.
You were very full.

You visited 2 branches of the dungeon, and saw 7 of its levels.

You collected 310 gold pieces.

Inventory:

Hand Weapons
 a - a +1 long sword (weapon)
 v - a +0 dagger
Missiles
 d - 3 throwing nets (quivered)
Armour
 b - a +0 leather armour
 c - a +0 hat (worn)
 j - a +0 ring mail
 s - a +0 plate armour (worn)
 H - the +4 chain mail of Wosoal {SInv}
   (You found it on level 5 of the Dungeon)

   It lets you see invisible.
Jewellery
 r - a ring of positive energy (left hand)
 u - an uncursed ring of ice
 z - an amulet of the gourmand (around neck)
 G - a +2 ring of evasion {unknown}
Wands
 f - a wand of acid (9/15)
 D - a wand of polymorph (7/24)
 I - a wand of paralysis (7/24)
 K - a wand of acid (6/15)
Scrolls
 g - 3 scrolls of magic mapping
 i - 2 scrolls of fog
 k - 3 scrolls of teleportation
 n - 3 scrolls of remove curse
 y - a scroll of amnesia
Potions
 h - a potion of agility
 l - a potion of brilliance
 m - a potion of ambrosia
 o - 2 potions of flight
 q - a potion of degeneration
 B - 2 potions of cancellation
Comestibles
 p - a meat ration
 A - 2 bread rations
 C - a fruit


   Skills:
 + Level 4.8 Fighting
 * Level 10.8 Long Blades
 + Level 2.2 Throwing
 + Level 5.6 Armour
 + Level 3.9 Dodging
 + Level 0.3 Stealth


You had 7 spell levels left.
You didn't know any spells.

Dungeon Overview and Level Annotations

Branches:
Dungeon (6/15)             Temple (1/1) D:5

Altars:
Cheibriados
Fedhas
Gozag
Kikubaaqudgha
Okawaru
Qazlal
Ru
Sif Muna
Uskayaw
Xom
Yredelemnul
Zin

Annotations:
D:3 2 transporters, LiquoriceLizzard's ghost, amateur OpWz
D:4 1 runed door


Innate Abilities, Weirdness & Mutations

You reflexively headbutt those who attack you in melee.
You have a pair of horns on your head.
Armour fits poorly on your strangely shaped body.
You are resistant to hostile enchantments. (MR+)
You do not regenerate when monsters are visible.
Your spells are a little harder to cast, but a little more powerful.


Message History

Things that are here:
a giant club; an ogre skeleton
Found a stone staircase leading up.
There is an open door here.
An ogre comes into view. It is wielding a giant spiked club.
Found a stone staircase leading down.
The ogre hits you with a giant spiked club!!
You hit the ogre. Your headbutt misses the ogre.
The ogre is lightly wounded.
The ogre hits you with a giant spiked club!
You hit the ogre. Your headbutt misses the ogre.
The ogre is lightly wounded.
You hit the ogre.
The ogre is moderately wounded.
The ogre hits you with a giant spiked club!
* * * LOW HITPOINT WARNING * * *
You barely miss the ogre.
The ogre is moderately wounded.
The ogre hits you with a giant spiked club!
You die...

........# ........##
...>.... ......# . #
#....# .## #.#....#
..########
#.....#####........#
#..O@.....'........+.
............##........#.
.............'..........
............##.....!..#.
####'#..<...##........#.
#.#.................. #
#.......####.......
##......# #.......
#......# #.......


You could see an ogre.

Vanquished Creatures
  The ghost of ErikD the Cutter, a novice HaAK of Lugonu (D:6)
  Menkaure (D:5)
  An orc warrior (D:6)
  A sky beast (Temple)
  A phantom (D:5)
  An ogre (D:6)
  A bullfrog (D:6)
  A wyvern zombie (D:6)
  A scorpion (D:6)
  3 crimson imps (D:6)
  2 orc priests (D:5)
  6 orc wizards
  A worker ant (D:5)
  A hound zombie (D:6)
  3 adders
  4 gnolls (D:4)
  3 oozes
  An adder zombie (D:6)
  4 worms
  A dart slug (D:4)
  5 leopard geckos
  6 orcs
  3 ball pythons
  4 giant cockroaches
  5 goblins
  7 hobgoblins
  8 jackals (D:5)
  9 kobolds
  3 quokkas
  4 bats
  4 frilled lizards (D:2)
  A jackal zombie (D:6)
  A leopard gecko skeleton (D:4)
  A quokka zombie (D:5)
  4 rats
103 creatures vanquished.

Notes
Turn   | Place    | Note
-------+----------+-------------------------------------------
     0 | D:1      | KoningWillie the Minotaur Gladiator began the quest for the Orb.
     0 | D:1      | Reached XP level 1. HP: 18/18 MP: 0/0
   511 | D:1      | Reached skill level 4 in Long Blades
   531 | D:1      | Reached XP level 2. HP: 20/25 MP: 1/1
  1357 | D:1      | Reached skill level 1 in Armour
  1587 | D:2      | Reached XP level 3. HP: 5/30 MP: 2/2
  2092 | D:2      | Found a snail-covered altar of Cheibriados.
  2585 | D:3      | Reached skill level 5 in Long Blades
  2725 | D:3      | Reached XP level 4. HP: 37/37 MP: 3/3
  2741 | D:3      | Found a transporter.
  3099 | D:3      | Found a transporter.
  3143 | D:3      | Noticed LiquoriceLizzard's ghost (amateur OpWz)
  3341 | D:4      | Reached skill level 6 in Long Blades
  3341 | D:4      | Reached XP level 5. HP: 37/45 MP: 4/4
  3586 | D:4      | Found a runed door.
  3665 | D:4      | Noticed an ogre
  3706 | D:5      | Entered Level 5 of the Dungeon
  3817 | D:5      | Found a staircase to the Ecumenical Temple.
  3834 | D:5      | Noticed a sky beast
  4182 | D:5      | Got a transparent chain mail
  4184 | D:5      | Identified the +4 chain mail of Wosoal {SInv} (You found it on level 5 of the Dungeon)
  4221 | Temple   | Entered the Ecumenical Temple
  4229 | Temple   | Killed a sky beast
  4229 | Temple   | Reached skill level 7 in Long Blades
  4229 | Temple   | Reached XP level 6. HP: 42/51 MP: 5/5
  4985 | D:5      | Reached skill level 8 in Long Blades
  5009 | D:5      | Noticed Menkaure
  5014 | D:5      | Killed Menkaure
  5014 | D:5      | Reached XP level 7. HP: 15/58 MP: 6/6
  5527 | D:6      | Noticed ErikD's ghost (novice HaAK)
  5528 | D:6      | Reached skill level 9 in Long Blades
  5579 | D:6      | Gained mutation: Your spells are a little harder to cast, but a little more powerful. [potion of mutation]
  5579 | D:6      | Gained mutation: You do not regenerate when monsters are visible. [potion of mutation]
  5579 | D:6      | Gained mutation: Armour fits poorly on your strangely shaped body. [potion of mutation]
  5579 | D:6      | Gained mutation: You are resistant to hostile enchantments. (MR+) [potion of mutation]
  5600 | D:6      | Killed ErikD's ghost
  5600 | D:6      | Reached skill level 10 in Long Blades
  5600 | D:6      | Reached skill level 5 in Armour
  5600 | D:6      | Reached XP level 8. HP: 30/67 MP: 7/7
  6143 | D:6      | Found a basalt altar of Yredelemnul.
  6427 | D:6      | Slain by an ogre

Skill      XL: |  1  2  3  4  5  6  7 |
---------------+----------------------+-----
Long Blades    | 4 5 6 7 8 10 | 10.8
Armour         | 1 2 3 5 |  5.6
Fighting       | 3 4 |  4.8
Throwing       | |  2.2
Dodging        | |  3.9
Stealth        | |  0.3

Action                   |  1- 3 |  4- 6 |  7- 9 || total
-------------------------+-------+-------+-------++-------
Melee: Long sword        |    85 |   113 |   111 ||   309
       Headbutt          |    17 |    21 |    17 ||    55
Throw: Throwing net      |       |     1 |       ||     1
  Use: Scroll            |       |     2 |    13 ||    15
       Potion            |       |       |    10 ||    10
  Eat: Bread ration      |     1 |     1 |     2 ||     4
       Chunk             |     1 |       |       ||     1
       Meat ration       |       |     1 |       ||     1
Armor: Leather armour    |     1 |       |       ||     1
       Ring mail         |    17 |       |       ||    17
       Plate armour      |    13 |    75 |    39 ||   127
       Skin              |       |       |     9 ||     9
Dodge: Dodged            |    75 |    36 |    30 ||   141
       Rpst.: Long sword |    20 |     8 |     7 ||    35
